 Dungeon Crawl Stone Soup version 0.28-a0-1117-g0bdd5ba030 (webtiles) character file.

Game seed: 3235619072523268328

25 SensoryNuts the Slasher (level 2, -4/20 (22) HPs)
             Began as a Demonspawn Gladiator on Dec 11, 2021.
             Was a Follower of Jiyva.
             Slain by a gnoll (6 damage)
             ... on level 2 of the Dungeon.
             The game lasted 00:00:49 (828 turns).

SensoryNuts the Slasher (Demonspawn Gladiator)       Turns: 828, Time: 00:00:50

HP:   -4/20 (22)    AC: 11    Str: 12 (14) XL:     2   Next: 82%
MP:   2/2           EV:  3    Int:  7 (9)  God:    Jiyva [*.....]
Gold: 42            SH:  0    Dex: 12 (14) Spells: 1/1 levels left

rFire   . . .      SeeInvis .   a - +0 long sword
rCold   . . .      Faith    .   (no shield)
rNeg    . . .      Spirit   .   e - +0 plate armour
rPois   .          Reflect  .   c - +0 helmet
rElec   .          Harm     .   (no cloak)
rCorr   .          Rampage  .   (no gloves)
Will    .....                   (no boots)
Stlth   ..........              (no amulet)
HPRegen 0.86/turn               (no ring)
MPRegen 0.33/turn               (no ring)

@: silenced, drained
A: hooves 1
a: Renounce Religion


You were on level 2 of the Dungeon.
You worshipped Jiyva.
Jiyva was aware of your devotion.
You visited 1 branch of the dungeon, and saw 2 of its levels.

You collected 42 gold pieces.

Inventory:

Hand Weapons
 a - a +0 long sword (weapon)
Missiles
 d - 3 throwing nets (quivered)
Armour
 b - a +0 leather armour
 c - a +0 helmet (worn)
 e - a +0 plate armour (worn)
Scrolls
 h - a scroll of fear {unknown}


   Skills:
 + Level 2.1 Fighting
 + Level 3.1 Long Blades
 + Level 2.0 Throwing
 + Level 3.0 Dodging


You had one spell level left.
You didn't know any spells.
Your spell library was empty.

Dungeon Overview and Level Annotations

Branches:
Dungeon (2/15)

Altars:
Okawaru
Jiyva


Innate Abilities, Weirdness & Mutations

You have large cloven feet.


Message History

You hit the gnoll. You kick the gnoll.
The gnoll is almost dead.
A gnoll comes into view. It is wielding a +0 club.
The gnoll hits you with a +0 spear.
* * * LOW HITPOINT WARNING * * *
Your plate armour prevents you from hitting the hobgoblin.
You kick the hobgoblin, but do no damage.
The hobgoblin hits you but does no damage.
The gnoll hits you but does no damage.
Your plate armour prevents you from hitting the hobgoblin.
The hobgoblin hits you but does no damage.
The gnoll hits you with a +0 spear.
* * * LOW HITPOINT WARNING * * *
The gnoll hits you but does no damage.
You closely miss the hobgoblin. You kick the hobgoblin.
The hobgoblin is moderately wounded.
The hobgoblin hits you but does no damage.
The gnoll hits you but does no damage. The gnoll hits you with a +0 club.
* * * LOW HITPOINT WARNING * * *
The hobgoblin hits you but does no damage.
The gnoll hits you but does no damage.
It was a potion of degeneration.
There was something very wrong with that liquid.
You feel weakened.
You feel dopey.
You feel clumsy. The gnoll hits you but does no damage.
The hobgoblin hits you but does no damage.
The gnoll hits you but does no damage.
As you read the scroll labelled QAUVVU RAOMUVE, it crumbles to dust.
A profound silence engulfs you.
It was a scroll of silence.
The gnoll hits you with a +0 club.
* * * LOW HITPOINT WARNING * * *
The hobgoblin hits you but does no damage.
The gnoll hits you with a +0 spear.
* * * LOW HITPOINT WARNING * * *
Magic scrolls do not work when you're silenced!
Magic scrolls do not work when you're silenced!
Magic scrolls do not work when you're silenced!
The hobgoblin hits you but does no damage.
The gnoll hits you from afar with a +0 spear.
You die...

#.##.#.....###.#
.......#..............#
.....#.####.#####.#####
.................#
.....####.#######
#........#
#.......######
#......).......
####..@g)..#######
........g...#
.####g#g....# #..####.#
##. #.# #. ..# ## .#


You could see 3 gnolls and a hobgoblin.

Vanquished Creatures
  An adder (D:2)
  3 endoplasms
  A giant cockroach (D:1)
  2 goblins
  A hobgoblin (D:2)
  2 jackals (D:2)
  A kobold (D:2)
  A frilled lizard (D:1)
  2 rats
14 creatures vanquished.

Vanquished Creatures (others)
  A jelly (D:2)
1 creature vanquished.

Grand Total: 15 creatures vanquished

Notes
Turn   | Place    | Note
-------+----------+-------------------------------------------
     0 | D:1      | SensoryNuts the Demonspawn Gladiator began the quest for
                  | the Orb.
     0 | D:1      | Reached XP level 1. HP: 16/16 MP: 1/1
   503 | D:2      | Gained mutation: You have large cloven feet. [demonic
                  | ancestry]
   503 | D:2      | Reached XP level 2. HP: 11/22 MP: 2/2
   687 | D:2      | Found a faded altar of an unknown god.
   698 | D:2      | Prayed at the altar of an unknown god.
   698 | D:2      | Became a worshipper of Jiyva Jimer the Shapeless
   698 | D:2      | Reached * piety under Jiyva
   771 | D:2      | Found an iron altar of Okawaru.
   827 | D:2      | HP: 1/20 [gnoll (2)]
   828 | D:2      | Slain by a gnoll

Illustrated notes

Levels and vault maps discovered:
D:1:      minmay_arrival_loop, layout_rooms, hangedman_decor_clover_reticule
D:2:      layout_basic, basic_altar, hellmonk_ecumenical_altar_dog_temple,
          serial_shops, nicolae_shop_advertising_works
          [nicolae_subvault_shop_adworks]

Skill      XL: |  1  2 |
---------------+-------+-----
Throwing       | 2 |  2.0
Long Blades    | 3 |  3.1
Dodging        | 3 |  3.0
Fighting       | |  2.1

Action                   || total
-------------------------++-------
Melee: Long sword        ||    33
       Kick              ||     7
  Use: Scroll            ||     1
       Potion            ||     1
Armor: Plate armour      ||    30
       Leather armour    ||     1
Dodge: Dodged            ||     7

Table legend: (Time is in decaauts)
 A = Elapsed time spent in this place.
 B = Non-inter-level travel time spent in this place.
 C = Inter-level travel time spent in this place.
 D = Time resting spent in this place.
 E = Time spent auto-exploring this place.
 F = Levels seen in this place.
 G = Mean time per level.
                   A        B        C        D        E       F      G
               +--------+--------+--------+--------+--------+-----+--------+
         Total |    835 |    835 |      0 |      0 |    700 |   2 |  417.5 |
       Dungeon |    835 |    835 |      0 |      0 |    700 |   2 |  417.5 |
               +--------+--------+--------+--------+--------+-----+--------+

Top non-repeatable levels by time:
     D:1: 473 daAuts
     D:2: 362 daAuts
